[Event "European Womens-ch 2025"]
[Site "Rhodes"]
[Date "2025.04.11"]
[Round "11.40"]
[White "Zagorac, Lara"]
[Black "Prado Acebo, Ines"]
[Result "0-1"]
[Annotator "ChessBase"]
[ECO "E11"]
[WhiteElo "2106"]
[BlackElo "2199"]
[PlyCount "160"]
[EventDate "2025.03.29"]
[EventType "swiss"]
[EventCountry "GRE"]
[SourceTitle "playchess.com"]
[Source "ChessBase"]
[SourceQuality "1"]
[TimeControl "40/5400+30:1800+30"]

1. d4 Nf6 2. c4 e6 3. g3 d5 4. Nf3 Bb4+ 5. Bd2 Be7 6. Bg2 O-O 7. O-O Nbd7 8. Qc2 Ne4 9. Nc3 Nxd2 10. Nxd2 c6 11. e4 dxe4 12. Ncxe4 f5 13. Nc3 e5 14. dxe5 Nxe5 15. Rfe1 Bf6 16. Nf3 Qd3 17. Qe2 Qxe2 18. Rxe2 Nxc4 19. b3 Nb6 20. Rc1 Bd7 21. Na4 Nxa4 22. bxa4 Rfe8 23. Rec2 Rad8 24. Nd2 Bc8 25. Nb3 Re7 26. a5 a6 27. Nc5 Rde8 28. Bf1 Re1 29. Kg2 Kf8 30. h4 Bd8 31. Nb3 Bc7 32. f4 R1e3 33. Kf2 Bb8 34. Rc3 Ba7 35. Kg2 Be6 36. Rxe3 Bxe3 37. Rd1 Bd5+ 38. Kh2 Bf2 39. Bg2 Bc4 40. Bf3 Be2 41. Bxe2 Rxe2 42. Rd7 Re7 43. Rd8+ Kf7 44. Kg2 Be1 45. h5 Bc3 46. Kf2 Rc7 47. Rd3 Bf6 48. Nc5 Be7 49. Nd7 Bb4 50. Ne5+ Ke6 51. Nc4 Rd7 52. Re3+ Kf6 53. Rb3 Bc5+ 54. Ke2 Rd4 55. Ne5 Bd6 56. Rxb7 Re4+ 57. Kf3 Bxe5 58. fxe5+ Rxe5 59. Rb6 Rxa5 60. Rxc6+ Kg5 61. Rc7 Ra3+ 62. Kg2 Rxa2+ 63. Kh3 Kh6 64. Rc5 g6 65. hxg6 hxg6 66. Rc4 Kh5 67. Rc8 a5 68. Rh8+ Kg5 69. Ra8 Ra3 70. Kh2 Kg4 71. Ra6 g5 72. Rc6 Ra2+ 73. Kg1 Kxg3 74. Rc3+ Kg4 75. Kf1 f4 76. Rc5 f3 77. Kg1 Kf4 78. Kf1 g4 79. Rc8 Kg3 80. Rc1 Rh2 0-1

[Event "European Womens-ch 2025"]
[Site "Rhodes"]
[Date "2025.04.11"]
[Round "11.41"]
[White "Hapala, Elisabeth"]
[Black "Schloffer, Jasmin-Denise"]
[Result "1/2-1/2"]
[Annotator "ChessBase"]
[ECO "C54"]
[WhiteElo "2092"]
[BlackElo "2188"]
[PlyCount "22"]
[EventDate "2025.03.29"]
[EventType "swiss"]
[EventCountry "GRE"]
[SourceTitle "playchess.com"]
[Source "ChessBase"]
[SourceQuality "1"]
[TimeControl "40/5400+30:1800+30"]

1. e4 e5 2. Nf3 Nc6 3. Bc4 Bc5 4. c3 Nf6 5. d3 d6 6. Bb3 a6 7. Nbd2 Ba7 8. O-O O-O 9. h3 h6 10. Re1 Nh5 11. Nf1 Qf6 1/2-1/2

[Event "European Womens-ch 2025"]
[Site "Rhodes"]
[Date "2025.04.11"]
[Round "11.42"]
[White "Sivanandan, Bodhana"]
[Black "Terbe, Zsuzsanna"]
[Result "1/2-1/2"]
[Annotator "ChessBase"]
[ECO "B31"]
[WhiteElo "2073"]
[BlackElo "2179"]
[PlyCount "119"]
[EventDate "2025.03.29"]
[EventType "swiss"]
[EventCountry "GRE"]
[SourceTitle "playchess.com"]
[Source "ChessBase"]
[SourceQuality "1"]
[TimeControl "40/5400+30:1800+30"]

1. e4 c5 2. Nf3 Nc6 3. Bb5 g6 4. O-O Bg7 5. c3 e5 6. d4 cxd4 7. cxd4 exd4 8. Bf4 a6 9. Bc4 d6 10. h3 Nge7 11. Nbd2 O-O 12. Bd5 b5 13. Nb3 Bb7 14. Bxc6 Nxc6 15. Re1 Re8 16. Rc1 h6 17. Qd2 Kh7 18. Rcd1 Qf6 19. Bg3 Rac8 20. Bh4 g5 21. Bg3 Qg6 22. Nbxd4 Nxd4 23. Nxd4 Rxe4 24. Rxe4 Bxe4 25. b3 Qf6 26. Qa5 Rc5 27. Ne2 Qb2 28. Qe1 d5 29. f3 Bc2 30. Rd2 d4 31. Bf2 Rd5 32. Ng3 Re5 33. Qf1 d3 34. Qxd3+ Bxd3 35. Rxb2 b4 36. Rd2 Bb1 37. Nh5 Bf8 38. Nf6+ Kg6 39. Nd7 Re8 40. Nxf8+ Rxf8 41. Bc5 Rc8 42. Bxb4 Rc2 43. Rd6+ Kh7 44. a3 Ba2 45. Rxa6 Bxb3 46. Rd6 Ra2 47. Rd4 Kg6 48. h4 Be6 49. Kh2 Ra1 50. Kg3 Ra2 51. hxg5 hxg5 52. Be7 Rc2 53. Bb4 Ra2 54. Rd8 f5 55. Rd6 Kf7 56. Rd2 Rxd2 57. Bxd2 g4 58. fxg4 fxg4 59. Kf4 Bd5 60. g3 1/2-1/2

[Event "European Womens-ch 2025"]
[Site "Rhodes"]
[Date "2025.04.11"]
[Round "11.43"]
[White "Grapsa, Georgia"]
[Black "Bochnickova, Simona"]
[Result "0-1"]
[Annotator "ChessBase"]
[ECO "E11"]
[WhiteElo "2065"]
[BlackElo "2167"]
[PlyCount "84"]
[EventDate "2025.03.29"]
[EventType "swiss"]
[EventCountry "GRE"]
[SourceTitle "playchess.com"]
[Source "ChessBase"]
[SourceQuality "1"]
[TimeControl "40/5400+30:1800+30"]

1. d4 Nf6 2. c4 e6 3. Nf3 d5 4. g3 Bb4+ 5. Bd2 a5 6. a3 Be7 7. Bg2 c6 8. Qc2 O-O 9. O-O b6 10. Ne5 Nfd7 11. cxd5 cxd5 12. Bf4 Ba6 13. Rc1 Nxe5 14. Bxe5 Nd7 15. Bc7 Qc8 16. e4 Qb7 17. exd5 exd5 18. Qf5 Nf6 19. Be5 g6 20. Qf4 Nh5 21. Qh6 Qd7 22. Rc7 Qd8 23. Rxe7 Qxe7 24. Nc3 Bc4 25. g4 f6 26. Nxd5 Qf7 27. gxh5 fxe5 28. hxg6 hxg6 29. Rc1 Rad8 30. Nxb6 Rxd4 31. f4 Rxf4 32. Nxc4 Rxc4 33. Rd1 Rg4 34. Qe3 Qf3 35. Qxf3 Rxf3 36. Kh1 Rf2 37. Bd5+ Kg7 38. Be6 Rgg2 39. b4 Rxh2+ 40. Kg1 Rfg2+ 41. Kf1 Rh1+ 42. Kxg2 Rxd1 0-1

[Event "European Womens-ch 2025"]
[Site "Rhodes"]
[Date "2025.04.11"]
[Round "11.44"]
[White "Krkyasharyan, Sona"]
[Black "Yildiz, Elif Zeren"]
[Result "1/2-1/2"]
[Annotator "ChessBase"]
[ECO "E16"]
[WhiteElo "1989"]
[BlackElo "2160"]
[PlyCount "41"]
[EventDate "2025.03.29"]
[EventType "swiss"]
[EventCountry "GRE"]
[SourceTitle "playchess.com"]
[Source "ChessBase"]
[SourceQuality "1"]
[TimeControl "40/5400+30:1800+30"]

1. d4 Nf6 2. c4 e6 3. Nc3 Bb4 4. Nf3 b6 5. Bd2 Bb7 6. g3 O-O 7. Bg2 d6 8. O-O Nbd7 9. Rc1 Qe7 10. a3 Bxc3 11. Bxc3 Ne4 12. Be1 f5 13. d5 e5 14. Nh4 Ng5 15. f4 exf4 16. Rxf4 g6 17. Bc3 Rae8 18. Qd4 Qe3+ 19. Qxe3 Rxe3 20. Rc2 Nf6 21. Rf1 1/2-1/2

[Event "European Womens-ch 2025"]
[Site "Rhodes"]
[Date "2025.04.11"]
[Round "11.45"]
[White "Tirpan, Ceren"]
[Black "Eric, Jovana"]
[Result "0-1"]
[Annotator "NA"]
[ECO "A25"]
[WhiteElo "1996"]
[BlackElo "2147"]
[PlyCount "94"]
[EventDate "2025.03.29"]
[EventType "swiss"]
[EventCountry "GRE"]
[SourceTitle "playchess.com"]
[Source "ChessBase"]
[SourceQuality "1"]
[TimeControl "40/5400+30:1800+30"]

1. c4 e5 2. g3 Nf6 3. Bg2 Bc5 4. Nc3 O-O 5. e3 Nc6 6. Nge2 d6 7. O-O Bb6 8. d4 Re8 9. d5 Ne7 10. Na4 e4 11. Nxb6 axb6 12. Nd4 Ng6 13. Qc2 Bd7 14. f4 exf3 15. Nxf3 b5 16. cxb5 Bxb5 17. Re1 Ne5 18. Nxe5 Rxe5 19. e4 Nxd5 20. Bd2 Nb6 21. Bc3 Re8 22. e5 d5 23. Bd4 Bc6 24. b3 Nd7 25. a4 Nf8 26. b4 Ne6 27. Bb2 Bd7 28. Bxd5 Bxa4 29. Qc4 c6 30. Bg2 Bb5 31. Qc2 Rxa1 32. Bxa1 Bd3 33. Qf2 Qe7 34. Rd1 Ba6 35. Rd6 Nf8 36. Bh3 Bc4 37. Qd4 Bd5 38. Bc3 Ne6 39. Bxe6 fxe6 40. b5 Rf8 41. Bd2 Qf7 42. Qf4 Qg6 43. Qe3 Qb1+ 44. Qe1 Qd3 45. bxc6 bxc6 46. Bf4 Qf3 47. Qd2 g5 0-1

[Event "European Womens-ch 2025"]
[Site "Rhodes"]
[Date "2025.04.11"]
[Round "11.46"]
[White "Piddubna, Bozhena"]
[Black "Tsetskhladze, Mariam"]
[Result "1-0"]
[Annotator "NA"]
[ECO "E52"]
[WhiteElo "2145"]
[BlackElo "2105"]
[PlyCount "165"]
[EventDate "2025.03.29"]
[EventType "swiss"]
[EventCountry "GRE"]
[SourceTitle "playchess.com"]
[Source "ChessBase"]
[SourceQuality "1"]
[TimeControl "40/5400+30:1800+30"]

1. d4 Nf6 2. c4 e6 3. Nc3 Bb4 4. e3 O-O 5. Bd2 d5 6. Nf3 b6 7. cxd5 exd5 8. Bd3 Bb7 9. Rc1 Be7 10. O-O c5 11. Ne5 Nc6 12. a3 Bd6 13. Ng4 cxd4 14. exd4 Nxd4 15. Bg5 Be7 16. Bxh7+ Kxh7 17. Qxd4 Nxg4 18. Bxe7 Qxe7 19. Qxg4 Rad8 20. Rcd1 Kg8 21. Rd4 Rfe8 22. h3 Qf6 23. Rfd1 Re5 24. Qh4 Qxh4 25. Rxh4 Rde8 26. Rd2 Bc6 27. Rhd4 Rd8 28. f4 Re7 29. Kf2 Red7 30. g4 g6 31. Kg3 Kg7 32. Re2 Kf8 33. h4 Re7 34. f5 gxf5 35. g5 Rxe2 36. Nxe2 Re8 37. Nc3 f6 38. Kf4 fxg5+ 39. hxg5 Kg7 40. Kxf5 Bd7+ 41. Kf4 Rf8+ 42. Ke5 Kg6 43. Rxd5 Bf5 44. Rd2 Kxg5 45. Rg2+ Kh6 46. Nd5 Bd3 47. Ne7 Rf7 48. Ng8+ Kh5 49. Nf6+ Kh6 50. Rg3 Bg6 51. Ke6 Rc7 52. Ng4+ Kh7 53. Ne5 Bb1 54. Rg2 Rc1 55. Kd6 Be4 56. Rf2 Kh6 57. Rf4 Bh1 58. Ke6 Kg5 59. Rg4+ Kh5 60. Rg7 a5 61. Nd3 Rf1 62. Ke5 Kh6 63. Rg3 b5 64. Kd4 a4 65. Re3 Kg7 66. Re1 Bg2 67. Re5 Bc6 68. Kc5 Rf6 69. Nb4 Bf3 70. Kxb5 Bd1 71. Nd3 Rf8 72. Re1 Rb8+ 73. Kc5 Bc2 74. Nb4 Bb3 75. Rf1 Rc8+ 76. Nc6 Bc2 77. Rf4 Re8 78. Nd4 Rc8+ 79. Kd6 Bd1 80. Nf5+ Kh7 81. Rh4+ Bh5 82. Rxh5+ Kg6 83. Ne7+ 1-0

[Event "European Womens-ch 2025"]
[Site "Rhodes"]
[Date "2025.04.11"]
[Round "11.47"]
[White "Ciolacu, Alessia-Mihaela"]
[Black "Rida, Ruqayyah"]
[Result "0-1"]
[Annotator "NA"]
[ECO "A60"]
[WhiteElo "2136"]
[BlackElo "2065"]
[PlyCount "100"]
[EventDate "2025.03.29"]
[EventType "swiss"]
[EventCountry "GRE"]
[SourceTitle "playchess.com"]
[Source "ChessBase"]
[SourceQuality "1"]
[TimeControl "40/5400+30:1800+30"]

1. d4 Nf6 2. c4 e6 3. g3 c5 4. d5 exd5 5. cxd5 d6 6. a4 g6 7. Ra3 Nbd7 8. Re3+ Be7 9. Bg2 O-O 10. Ra3 Re8 11. Nf3 Bf8 12. Nfd2 Ne5 13. O-O Bg7 14. Nc3 Bd7 15. h3 g5 16. Nde4 Nxe4 17. Nxe4 g4 18. hxg4 Bxg4 19. b3 Qd7 20. Bg5 f5 21. Nf6+ Bxf6 22. Bxf6 Qf7 23. Bxe5 Rxe5 24. f3 Bh5 25. g4 Bg6 26. gxf5 Qxf5 27. e4 Qf4 28. Qc1 Qg3 29. Qe1 Qf4 30. Qc1 Rf8 31. Qxf4 Rxf4 32. Ra2 Kg7 33. Re2 Kf6 34. Kf2 Bxe4 35. Kg3 Bd3 36. Rxe5 dxe5 37. Rc1 b6 38. Bh3 h5 39. d6 Rd4 40. Rd1 Bc2 41. Rxd4 exd4 42. Kf4 Bxb3 43. Bd7 c4 44. Ke4 c3 45. Kd3 Bc4+ 46. Kc2 Ke5 47. Bg4 Kxd6 48. Bxh5 Kc5 49. f4 Kb4 50. Bg6 d3+ 0-1

[Event "European Womens-ch 2025"]
[Site "Rhodes"]
[Date "2025.04.11"]
[Round "11.48"]
[White "Cornileau, Juliette"]
[Black "Shuqja, Klean"]
[Result "1/2-1/2"]
[Annotator "ChessBase"]
[ECO "B32"]
[WhiteElo "2130"]
[BlackElo "2049"]
[PlyCount "68"]
[EventDate "2025.03.29"]
[EventType "swiss"]
[EventCountry "GRE"]
[SourceTitle "playchess.com"]
[Source "ChessBase"]
[SourceQuality "1"]
[TimeControl "40/5400+30:1800+30"]

1. e4 c5 2. Nf3 Nc6 3. d4 cxd4 4. Nxd4 e5 5. Nb5 d6 6. N1c3 a6 7. Na3 b5 8. Nd5 Nge7 9. c4 Nxd5 10. cxd5 Ne7 11. Bd3 g6 12. Nc2 Bg7 13. a4 bxa4 14. Rxa4 Bd7 15. Ra3 a5 16. O-O O-O 17. Ne3 f5 18. Nc4 fxe4 19. Bxe4 Bb5 20. Bd3 e4 21. Be2 Nf5 22. Nd2 Bxe2 23. Qxe2 Nd4 24. Qg4 Rf4 25. Qd1 Qf6 26. Nc4 Rf5 27. Be3 Rxd5 28. Bxd4 Rxd4 29. Qe2 d5 30. Ne3 h5 31. Qb5 Rd2 32. Rxa5 Rxa5 33. Qxa5 Qxb2 34. Nxd5 Qd4 1/2-1/2

[Event "European Womens-ch 2025"]
[Site "Rhodes"]
[Date "2025.04.11"]
[Round "11.49"]
[White "Huseynova, Lala"]
[Black "Caku, Kler"]
[Result "1-0"]
[Annotator "NA"]
[ECO "C97"]
[WhiteElo "2065"]
[BlackElo "2036"]
[PlyCount "67"]
[EventDate "2025.03.29"]
[EventType "swiss"]
[EventCountry "GRE"]
[SourceTitle "playchess.com"]
[Source "ChessBase"]
[SourceQuality "1"]
[TimeControl "40/5400+30:1800+30"]

1. e4 e5 2. Nf3 Nc6 3. Bb5 a6 4. Ba4 Nf6 5. O-O b5 6. Bb3 Be7 7. Re1 d6 8. c3 O-O 9. h3 Na5 10. Bc2 c5 11. d4 Qc7 12. Nbd2 Bd7 13. Nf1 Nc4 14. Bd3 Nb6 15. Bg5 Kh8 16. Ng3 Ng8 17. Rc1 c4 18. Bc2 Rab8 19. Bxe7 Nxe7 20. Nf5 Nxf5 21. exf5 f6 22. Nh4 Be8 23. Qg4 Na4 24. Rb1 Qa5 25. f4 exd4 26. Re7 Rg8 27. Ng6+ Bxg6 28. fxg6 h6 29. Rbe1 d3 30. Qh5 Qb6+ 31. Kh2 Rb7 32. Re8 Qc6 33. Rxg8+ Kxg8 34. Qd5+ 1-0

[Event "European Womens-ch 2025"]
[Site "Rhodes"]
[Date "2025.04.11"]
[Round "11.50"]
[White "Golsta, Ramona"]
[Black "Heinatz, Gundula"]
[Result "1-0"]
[Annotator "NA"]
[ECO "D51"]
[WhiteElo "1943"]
[BlackElo "2111"]
[PlyCount "109"]
[EventDate "2025.03.29"]
[EventType "swiss"]
[EventCountry "GRE"]
[SourceTitle "playchess.com"]
[Source "ChessBase"]
[SourceQuality "1"]
[TimeControl "40/5400+30:1800+30"]

1. d4 d5 2. c4 e6 3. Nf3 Nf6 4. Nc3 Nbd7 5. Bg5 h6 6. Bxf6 Nxf6 7. e3 c6 8. Bd3 dxc4 9. Bxc4 Bb4 10. O-O O-O 11. Rc1 Qe7 12. Qc2 c5 13. a3 Bxc3 14. Qxc3 cxd4 15. Nxd4 e5 16. Nf3 Re8 17. Qb3 a6 18. Nxe5 Qxe5 19. Bxf7+ Kh8 20. Bxe8 Qxe8 21. Rc7 b5 22. Qf7 Qxf7 23. Rxf7 Kg8 24. Rc7 Ne8 25. Rc5 Be6 26. Rd1 Ra7 27. Rc6 Kf7 28. e4 a5 29. f4 Bb3 30. Rd8 Re7 31. e5 Be6 32. Kf2 h5 33. Ke3 g6 34. Kd4 a4 35. Kc5 Bc4 36. g3 Be6 37. Kxb5 Bb3 38. h3 h4 39. gxh4 Kg7 40. Rcc8 Be6 41. Rb8 Bxh3 42. Kxa4 Kf7 43. Kb4 Nc7 44. Rf8+ Ke6 45. Rb6+ Kd5 46. Rxg6 Ne6 47. Rff6 Kd4 48. a4 Rb7+ 49. Ka3 Kd5 50. h5 Nd4 51. Rb6 Nc2+ 52. Kb3 Nd4+ 53. Ka2 Ra7 54. b3 Ne2 55. h6 1-0

[Event "European Womens-ch 2025"]
[Site "Rhodes"]
[Date "2025.04.11"]
[Round "11.51"]
[White "Acarbay, Algi"]
[Black "Karadas, Hena"]
[Result "1-0"]
[Annotator "NA"]
[ECO "B23"]
[WhiteElo "2052"]
[BlackElo "1931"]
[PlyCount "101"]
[EventDate "2025.03.29"]
[EventType "swiss"]
[EventCountry "GRE"]
[SourceTitle "playchess.com"]
[Source "ChessBase"]
[SourceQuality "1"]
[TimeControl "40/5400+30:1800+30"]

1. e4 c5 2. Nc3 Nc6 3. Nge2 Nf6 4. g3 g6 5. Bg2 Bg7 6. O-O h5 7. h3 d6 8. Nd5 O-O 9. d3 e6 10. Nxf6+ Qxf6 11. c3 Rb8 12. Be3 b5 13. Qd2 Qd8 14. d4 cxd4 15. cxd4 b4 16. Rac1 Ne7 17. b3 Ba6 18. Rfd1 d5 19. e5 Qb6 20. g4 hxg4 21. hxg4 f5 22. exf6 Rxf6 23. Nf4 Rbf8 24. Nd3 Bxd3 25. Qxd3 Nc8 26. Rc2 Nd6 27. Bg5 Qb5 28. Qe3 Qd7 29. Bxf6 Bxf6 30. Rdc1 Nb5 31. Rd1 g5 32. Rcd2 a6 33. Re1 Kf7 34. f4 gxf4 35. Qxf4 Ke7 36. Qe3 Rg8 37. Bf3 Bg5 38. Qd3 Bxd2 39. Qxd2 Qd6 40. Kg2 Nc3 41. Re5 Kd7 42. Qh6 Qe7 43. g5 Qf7 44. Bh5 Qe7 45. Bg4 Kc7 46. Bxe6 Rd8 47. Bxd5 Qd7 48. Bf3 Qd6 49. Re6 Qxd4 50. Rc6+ Kb8 51. Rb6+ 1-0

[Event "European Womens-ch 2025"]
[Site "Rhodes"]
[Date "2025.04.11"]
[Round "11.52"]
[White "Bochnickova, Andrea"]
[Black "Nenova, Andzhelika"]
[Result "0-1"]
[Annotator "NA"]
[ECO "B33"]
[WhiteElo "2051"]
[BlackElo "1903"]
[PlyCount "66"]
[EventDate "2025.03.29"]
[EventType "swiss"]
[EventCountry "GRE"]
[SourceTitle "playchess.com"]
[Source "ChessBase"]
[SourceQuality "1"]
[TimeControl "40/5400+30:1800+30"]

1. e4 c5 2. Nf3 Nc6 3. d4 cxd4 4. Nxd4 Nf6 5. Nc3 e5 6. Ndb5 d6 7. Nd5 Nxd5 8. exd5 Nb8 9. a4 Be7 10. Be2 O-O 11. O-O a6 12. Na3 Nd7 13. b4 b6 14. Nc4 a5 15. bxa5 bxa5 16. Ba3 Qc7 17. Rb1 Ba6 18. Ne3 Bxe2 19. Qxe2 f5 20. f4 g6 21. Kh1 Rac8 22. Rb5 Bf6 23. fxe5 Nxe5 24. c4 Rfe8 25. c5 Qg7 26. Qa2 Qh6 27. Nc4 Ng4 28. h3 Qf4 29. hxg4 Qxf1+ 30. Kh2 Re1 31. Qd2 Qh1+ 32. Kg3 Bh4+ 33. Kf3 Qf1+ 0-1

[Event "European Womens-ch 2025"]
[Site "Rhodes"]
[Date "2025.04.11"]
[Round "11.53"]
[White "Golsta, Madara"]
[Black "Korenova, Martina"]
[Result "0-1"]
[Annotator "NA"]
[ECO "E73"]
[WhiteElo "1979"]
[BlackElo "2045"]
[PlyCount "56"]
[EventDate "2025.03.29"]
[EventType "swiss"]
[EventCountry "GRE"]
[SourceTitle "playchess.com"]
[Source "ChessBase"]
[SourceQuality "1"]
[TimeControl "40/5400+30:1800+30"]

1. c4 g6 2. Nc3 Bg7 3. d4 Nf6 4. e4 d6 5. Be2 O-O 6. h4 h5 7. Bg5 c5 8. d5 b5 9. cxb5 a6 10. bxa6 Bxa6 11. Bxf6 Bxf6 12. Bxh5 Qa5 13. Rh3 Qb4 14. Qc2 gxh5 15. O-O-O Nd7 16. Rg3+ Bg7 17. Nh3 Rfb8 18. f4 Kf8 19. Rd2 Bxc3 20. Rxc3 Nf6 21. Ng5 Bc8 22. e5 Rxa2 23. Nh7+ Nxh7 24. Qxh7 Ra1+ 25. Kc2 Qxb2+ 26. Kd3 Qb1+ 27. Rdc2 Qf1+ 28. Re2 Ba6+ 0-1

[Event "European Womens-ch 2025"]
[Site "Rhodes"]
[Date "2025.04.11"]
[Round "11.54"]
[White "Alexandri, Vasiliki"]
[Black "Mihaljevic, Eva"]
[Result "1-0"]
[Annotator "NA"]
[ECO "D52"]
[WhiteElo "1927"]
[BlackElo "2039"]
[PlyCount "87"]
[EventDate "2025.03.29"]
[EventType "swiss"]
[EventCountry "GRE"]
[SourceTitle "playchess.com"]
[Source "ChessBase"]
[SourceQuality "1"]
[TimeControl "40/5400+30:1800+30"]

1. d4 d5 2. c4 e6 3. Nc3 Nf6 4. Nf3 c6 5. Bg5 Nbd7 6. e3 Qa5 7. cxd5 Nxd5 8. Qd2 N7f6 9. Bd3 b6 10. O-O Bb7 11. e4 Nxc3 12. bxc3 h6 13. Bf4 Be7 14. Rfe1 Rd8 15. Ne5 c5 16. Nc4 Qa4 17. Rab1 Qd7 18. Ne5 Qc8 19. Bb5+ Kf8 20. d5 exd5 21. exd5 Bxd5 22. Qe2 Bd6 23. Ng6+ fxg6 24. Bxd6+ Rxd6 25. Qe7+ Kg8 26. Qxd6 Qg4 27. Qg3 Qxg3 28. hxg3 Kf7 29. Re5 Rf8 30. Rbe1 Bxa2 31. Re7+ Kg8 32. Rxa7 Bd5 33. Ree7 Rf7 34. Rxf7 Bxf7 35. Ra8+ Kh7 36. f3 Nd5 37. Bc4 b5 38. Bxd5 Bxd5 39. Rc8 c4 40. Rc5 Be6 41. Rxb5 g5 42. Rb6 Bf5 43. Kf2 Bd3 44. Rd6 1-0

[Event "European Womens-ch 2025"]
[Site "Rhodes"]
[Date "2025.04.11"]
[Round "11.55"]
[White "Subramanian, Anusha"]
[Black "Nahapetyan, Ani"]
[Result "1-0"]
[Annotator "NA"]
[ECO "B51"]
[WhiteElo "2026"]
[BlackElo "1887"]
[PlyCount "83"]
[EventDate "2025.03.29"]
[EventType "swiss"]
[EventCountry "GRE"]
[SourceTitle "playchess.com"]
[Source "ChessBase"]
[SourceQuality "1"]
[TimeControl "40/5400+30:1800+30"]

1. e4 c5 2. Nf3 d6 3. Bb5+ Nd7 4. d4 cxd4 5. Nxd4 Ngf6 6. O-O a6 7. Ba4 e6 8. Re1 Be7 9. c4 O-O 10. Bc2 Qc7 11. b3 b6 12. Bb2 Bb7 13. Nc3 Ne5 14. f4 Nc6 15. Nxc6 Bxc6 16. Qf3 b5 17. cxb5 axb5 18. Ne2 e5 19. h3 Bb7 20. Rec1 Rfc8 21. fxe5 dxe5 22. Bd3 Qb6+ 23. Kh2 Bd6 24. Rf1 Rd8 25. Ng3 Bc7 26. a3 b4 27. a4 Rxd3 28. Qxd3 Ba6 29. Qf3 Bxf1 30. Rxf1 Qe6 31. Rc1 Rc8 32. Nf5 g6 33. Rc6 gxf5 34. Rxe6 fxe6 35. Qg3+ Kf7 36. exf5 exf5 37. Kh1 Ne4 38. Qf3 Ke6 39. g4 Nd6 40. Qe2 e4 41. gxf5+ Kxf5 42. Qg4# 1-0

[Event "European Womens-ch 2025"]
[Site "Rhodes"]
[Date "2025.04.11"]
[Round "11.56"]
[White "Kalyva, Kyriaki"]
[Black "Bhatia, Kanishka"]
[Result "1-0"]
[Annotator "NA"]
[ECO "D00"]
[WhiteElo "1885"]
[BlackElo "2012"]
[PlyCount "81"]
[EventDate "2025.03.29"]
[EventType "swiss"]
[EventCountry "GRE"]
[SourceTitle "playchess.com"]
[Source "ChessBase"]
[SourceQuality "1"]
[TimeControl "40/5400+30:1800+30"]

1. d4 d5 2. Nc3 Nf6 3. Bf4 e6 4. e3 Bd6 5. Qf3 a6 6. Bd3 c5 7. Bxd6 Qxd6 8. dxc5 Qxc5 9. Qg3 O-O 10. Nf3 Nc6 11. O-O Re8 12. Ne5 Qd6 13. f4 Nb4 14. a3 Nxd3 15. cxd3 d4 16. Ne4 Nxe4 17. dxe4 f6 18. Ng4 Kh8 19. e5 fxe5 20. fxe5 Qe7 21. exd4 Bd7 22. Ne3 Bb5 23. Rfd1 a5 24. Rac1 Rac8 25. d5 Rxc1 26. Rxc1 exd5 27. Nf5 Qxe5 28. Qxe5 Rxe5 29. Nd6 Be8 30. Rc8 Kg8 31. Rxe8+ Rxe8 32. Nxe8 Kf8 33. Nc7 Ke7 34. Nxd5+ Kd6 35. Ne3 Kc5 36. Kf2 b5 37. Ke2 b4 38. Kd3 g6 39. a4 h5 40. b3 g5 41. Nc4 1-0

[Event "European Womens-ch 2025"]
[Site "Rhodes"]
[Date "2025.04.11"]
[Round "11.57"]
[White "Hariharan, Shambavi"]
[Black "Silva, Ana Ines Teixeira Da"]
[Result "1/2-1/2"]
[Annotator "NA"]
[ECO "D02"]
[WhiteElo "2024"]
[BlackElo "1893"]
[PlyCount "111"]
[EventDate "2025.03.29"]
[EventType "swiss"]
[EventCountry "GRE"]
[SourceTitle "playchess.com"]
[Source "ChessBase"]
[SourceQuality "1"]
[TimeControl "40/5400+30:1800+30"]

1. Nf3 d5 2. g3 Nf6 3. Bg2 e6 4. O-O Bd6 5. c4 O-O 6. d4 h6 7. Qc2 b6 8. cxd5 exd5 9. Nc3 Bb7 10. Rd1 Nc6 11. a3 Re8 12. Bf4 Bxf4 13. gxf4 Ne4 14. Ne5 Nxc3 15. Qxc3 Ne7 16. Rac1 c6 17. e3 f6 18. Nf3 Nf5 19. Qd3 Nd6 20. Qg6 Rc8 21. Nh4 Qd7 22. Qg3 Qf7 23. Bh3 f5 24. Kh1 c5 25. Rg1 cxd4 26. Rxc8 Bxc8 27. exd4 Ne4 28. Qg2 Re7 29. Ng6 Rc7 30. Ne5 Qh5 31. f3 Nf6 32. Qg3 Ba6 33. Ng6 Be2 34. Nh4 Bd3 35. b4 Kh7 36. Rd1 Bc2 37. Rc1 g6 38. Qf2 Rc4 39. Rg1 g5 40. fxg5 hxg5 41. Bxf5+ Bxf5 42. Nxf5 Rc3 43. Ne3 Rxa3 44. Qc2+ Qg6 45. Qc7+ Qg7 46. Qxg7+ Kxg7 47. Rxg5+ Kh6 48. Re5 Rb3 49. Nxd5 Nxd5 50. Rxd5 Rxb4 51. Rd8 a5 52. d5 Kg7 53. Kg2 a4 54. Ra8 b5 55. d6 Kf6 56. d7 1/2-1/2

[Event "European Womens-ch 2025"]
[Site "Rhodes"]
[Date "2025.04.11"]
[Round "11.58"]
[White "Chasouraki, Chrysi"]
[Black "Valkova, Angelika"]
[Result "1/2-1/2"]
[Annotator "NA"]
[ECO "C15"]
[WhiteElo "1843"]
[BlackElo "2001"]
[PlyCount "114"]
[EventDate "2025.03.29"]
[EventType "swiss"]
[EventCountry "GRE"]
[SourceTitle "playchess.com"]
[Source "ChessBase"]
[SourceQuality "1"]
[TimeControl "40/5400+30:1800+30"]

1. e4 e6 2. d4 d5 3. Nc3 Bb4 4. Nge2 dxe4 5. a3 Bxc3+ 6. Nxc3 f5 7. Qh5+ g6 8. Qh3 Nc6 9. Bf4 Nf6 10. Bb5 Qxd4 11. Rd1 Qc5 12. Bxc7 Nd5 13. Be5 O-O 14. Bxc6 bxc6 15. Qh6 Rf7 16. O-O Qf8 17. Qd2 h6 18. Na4 Ba6 19. Rfe1 Bb5 20. Qd4 Bxa4 21. Qxa4 Qc5 22. b4 Nc3 23. bxc5 Nxa4 24. Rd6 Nxc5 25. Bd4 Nd7 26. Rxc6 e5 27. Bc3 Kg7 28. Rd1 Re8 29. g3 Nf8 30. Rd5 Rfe7 31. Rdd6 Kf7 32. Rf6+ Kg8 33. Bb4 Rg7 34. Bxf8 Rxf8 35. Rxg6 Rxg6 36. Rd6 Re6 37. Rxe6 Kh7 38. Rc6 Rf7 39. c4 f4 40. Re6 fxg3 41. hxg3 Rc7 42. Rxe5 Rxc4 43. Re7+ Kg6 44. Rxa7 Rc3 45. a4 e3 46. fxe3 Rxe3 47. Kg2 Ra3 48. Kh3 Rb3 49. a5 Ra3 50. a6 Ra4 51. Ra8 Kh7 52. a7 Kg7 53. Kg2 Ra3 54. Kf2 Kh7 55. Ke2 Kg7 56. Kd2 Kh7 57. Kc2 Kg7 1/2-1/2

[Event "European Womens-ch 2025"]
[Site "Rhodes"]
[Date "2025.04.11"]
[Round "11.59"]
[White "Recica, Jona"]
[Black "Alexandri, Dimitra"]
[Result "0-1"]
[Annotator "NA"]
[ECO "C44"]
[WhiteElo "1716"]
[BlackElo "1995"]
[PlyCount "98"]
[EventDate "2025.03.29"]
[EventType "swiss"]
[EventCountry "GRE"]
[SourceTitle "playchess.com"]
[Source "ChessBase"]
[SourceQuality "1"]
[TimeControl "40/5400+30:1800+30"]

1. e4 e5 2. Nf3 Nc6 3. d4 exd4 4. Bc4 Bc5 5. Ng5 Nh6 6. Nxf7 Nxf7 7. Bxf7+ Kxf7 8. Qh5+ g6 9. Qxc5 d5 10. Qxd5+ Qxd5 11. exd5 Nb4 12. Na3 Re8+ 13. Kd1 Nxd5 14. h3 a6 15. Bd2 b5 16. Re1 Bb7 17. f3 c5 18. c3 dxc3 19. bxc3 Nb6 20. Kc2 Bd5 21. Be3 Rac8 22. Kb2 Re6 23. Rad1 Na4+ 24. Ka1 Nxc3 25. Rd3 b4 26. Nc2 Rce8 27. Bd2 Rxe1+ 28. Bxe1 Bc4 29. Rd7+ Kg8 30. a3 Re2 31. Rd2 b3 32. Rxe2 Nxe2 33. Ne3 Be6 34. Kb2 Nf4 35. Bc3 Nd3+ 36. Kb1 Kf7 37. Ng4 Nf4 38. Ne3 Ke7 39. Kc1 Ne2+ 40. Kd2 Nxc3 41. Kxc3 Kd6 42. Nf1 c4 43. Nd2 Kc5 44. Ne4+ Kb5 45. Kb2 Bf5 46. Nd6+ Kc5 47. Nxf5 gxf5 48. Kc3 f4 49. h4 h5 0-1